 Dungeon Crawl Stone Soup version 0.31-a0-659-gc5a091b79a (webtiles) character file.

Game seed: 16223776933918984230

23 Ijustatesigmund the Chopper (level 2, -1/26 HPs)
             Began as a Hill Orc Reaver on Aug 31, 2023.
             Slain by an adder (2 damage)
             ... on level 1 of the Dungeon.
             The game lasted 00:01:55 (1439 turns).

Ijustatesigmund the Chopper (Hill Orc Reaver)       Turns: 1439, Time: 00:01:55

Health: -1/26      AC:  3    Str: 14    XL:     2   Next: 95%
Magic:  4/4        EV: 11    Int: 13    God:
Gold:   45         SH:  0    Dex:  9    Spells: 3/4 levels left

rFire   . . .        a - +0 hand axe
rCold   . . .        (no shield)
rNeg    . . .        b - +0 leather armour
rPois   .            (no helmet)
rElec   .            (no cloak)
rCorr   .            (no gloves)
SInv    .            (no boots)
Will    .....        (no amulet)
Stlth   +            (no ring)
HPRegen 0.24/turn    (no ring)
MPRegen 0.09/turn

%: no passive effects
@: mighty, lethally poisoned (-1 -> -10)
A: no striking features
a: no special abilities


You were on level 1 of the Dungeon.
You visited 1 branch of the dungeon, and saw 2 of its levels.

You collected 45 gold pieces.

Inventory:

Hand Weapons
 a - a +0 hand axe (weapon)
 f - a +2 mace of holy wrath
Armour
 b - a +0 leather armour (worn)
Jewellery
 d - a ring of fire
Scrolls
 e - a scroll of fear
 g - a scroll of identify
Potions
 c - a potion of brilliance


   Skills:
 + Level 3.1 Fighting
 + Level 4.5 Axes
 - Level 1.5 Dodging
 - Level 1.5 Spellcasting
 - Level 3.0 Conjurations
 + Level 1.0 Necromancy


You had 3 spell levels left.
You knew the following spells:

 Your Spells              Type           Power      Damage    Failure   Level
a - Kiss of Death         Conj/Necr      24%        2d7       14%         1

Your spell library contained the following spells:

 Spells                   Type           Power      Damage    Failure   Level
 Momentum Strike          Conj/Tloc      8%         3d8       28%         2
 Hailstorm                Conj/Ice       4%         3d4       50%         3


Dungeon Overview and Level Annotations

Branches:
Dungeon (2/15)

Altars:

Annotations:
D:2 Sigmund


Message History

You are poisoned.
The adder poisons you!
You feel sick. The adder attacks as it pursues you! The adder bites you.
You feel sick. The adder attacks as it pursues you!
The adder bites you but does no damage.
You feel sick. The adder barely misses you.
You feel sick.
You are no longer poisoned.
The adder attacks as it pursues you! The adder barely misses you.
The adder attacks as it pursues you! The adder bites you.
The adder barely misses you.
There is a stone staircase leading up here.
The adder barely misses you.
You climb upwards.
There is a stone staircase leading down here.
You barely miss the adder. The adder bites you.
You are poisoned.
The adder poisons you! The adder bites you but does no damage.
You are too injured to fight recklessly!
You are too injured to fight recklessly!
You are too injured to fight recklessly!
You are too injured to fight recklessly!
You are too injured to fight recklessly!
You are too injured to fight recklessly!
You closely miss the adder.
You feel sick. The adder bites you.
You closely miss the adder.
You feel sick. The adder bites you but does no damage.
You closely miss the adder.
You feel sick. The adder bites you.
* * * LOW HITPOINT WARNING * * *
You are lethally poisoned!
The adder poisons you! The adder bites you.
* * * LOW HITPOINT WARNING * * *
You are more poisoned.
The adder poisons you!
It was a potion of might.
You feel very mighty all of a sudden.
* * * LOW HITPOINT WARNING * * *
You feel very sick. The adder bites you.
You die...

###.###~~~~~(......##....
#.....~~~~.############
####..~≈≈~##### ######
#...≈≈.≈≈≈≈≈####.....
#..~~~≈~≈≈≈≈≈≈######.
######...~~≈~~≈≈≈### #.
#..........≈~≈≈≈## ##
#)###..####.##### #.#
#....@..# #.# #...S##.#
#.# ##....#.# #.# #......#
#.# #....#.#
#.################
#................#########
################..........
#.#########


You could see an adder.

Vanquished Creatures
  A dart slug (D:1)
  2 ball pythons (D:1)
  2 endoplasms
  2 giant cockroaches (D:1)
  2 goblins (D:1)
  A hobgoblin (D:1)
  4 kobolds (D:1)
  A quokka (D:1)
  A bat (D:2)
  A frilled lizard (D:1)
  A rat (D:1)
18 creatures vanquished.

Notes
Turn   | Place    | Note
-------+----------+-------------------------------------------
     0 | D:1      | Ijustatesigmund the Hill Orc Reaver began the quest for the
                  | Orb.
     0 | D:1      | Reached XP level 1. HP: 18/18 MP: 3/3
    92 | D:1      | Reached XP level 2. HP: 25/25 MP: 4/4
   862 | D:1      | Reached skill level 1 in Necromancy
  1413 | D:2      | Noticed Sigmund
  1439 | D:1      | HP: 1/26 [poisoned by an adder]
  1439 | D:1      | Slain by an adder

Illustrated notes

Levels and vault maps discovered:
D:1:      dpeg_arrival_round_b, layout_basic, chequers_serial_rivers_large_a
D:2:      layout_basic, basic_altar, serial_curves, eino_curves_02,
          eino_curves_01, st_stairs_8, uniq_sigmund

Skill      XL: |  1  2 |
---------------+-------+-----
Fighting       | 3 |  3.1
Necromancy     | 1 |  1.0
Axes           | |  4.5
Dodging        | |  1.5
Spellcasting   | |  1.5
Conjurations   | |  3.0

Action                     || total
---------------------------++-------
  Melee: Hand axe          ||    75
    Use: Scroll            ||     4
         Potion            ||     1
 Armour: Leather armour    ||    48
  Dodge: Dodged            ||    43

Table legend: (Time is in decaauts)
 A = Elapsed time spent in this place.
 B = Non-inter-level travel time spent in this place.
 C = Inter-level travel time spent in this place.
 D = Time resting spent in this place.
 E = Time spent auto-exploring this place.
 F = Levels seen in this place.
 G = Mean time per level.
                   A        B        C        D        E       F      G
               +--------+--------+--------+--------+--------+-----+--------+
         Total |   1454 |   1446 |      8 |    380 |    880 |   2 |  727.0 |
       Dungeon |   1454 |   1446 |      8 |    380 |    880 |   2 |  727.0 |
               +--------+--------+--------+--------+--------+-----+--------+

Top non-repeatable levels by time:
     D:1: 1397 daAuts
     D:2: 56 daAuts
